Map: [ESL] Gresvan

Players

ShoWTimE - Winner!

  • Race: Protoss Protoss
  • League: Grandmaster
  • Spawn Location: 11:00

Reynor

  • Race: Zerg Zerg
  • League: Master
  • Spawn Location: 5:00

VOD

Have the link to the VOD?

Description

Time

  • Played on: July 2, 2023, 1:04 p.m.
  • Length: 44:19
Show
View Real Time Build Order
Export as new Build Order

ShoWTimE Protoss - Winner!

Build Orders: 1 Gate Expand, Oracle Opening, Carriers, Zealot Archon, Archon Drop 

Get SALT Encoding   

  12  0:00  Probe  
  13  0:12  Probe  
  14  0:17  Pylon  
  14  0:24  Probe (Chrono Boost)  
  15  0:36  Probe (Chrono Boost)  
  15  0:38  Gateway  
  16  0:44  Probe (Chrono Boost)  
  16  0:46  Assimilator  
  17  0:50  Probe  
  18  1:03  Probe  
  19  1:15  Probe  
  20  1:23  Nexus  
  20  1:34  Cybernetics Core  
  20  1:37  Probe  
  21  1:42  Assimilator  
  21  1:49  Probe  
  21  1:52  Pylon  
  22  2:01  Probe (Chrono Boost)  
  23  2:12  Adept  
  23  2:13  Probe (Chrono Boost)  
  23  2:15  Stargate  
  26  2:21  Probe (Chrono Boost)  
  27  2:24  Warp Gate  
  28  2:30  Probe (Chrono Boost)  
  28  2:35  Probe (Chrono Boost)  
  29  2:42  Stalker  
  33  2:44  Probe x2 (Chrono Boost)  
  33  2:49  Probe (Chrono Boost)  
  33  2:52  Probe  
  33  2:57  Oracle (Chrono Boost)  
  35  3:01  Probe  
  35  3:04  Probe  
  40  3:09  Pylon  
  40  3:11  Adept  
  42  3:13  Probe  
  42  3:18  Probe  
  44  3:22  Gateway  
  44  3:25  Probe  
  45  3:29  Oracle (Chrono Boost)  
  45  3:30  Probe  
  49  3:37  Probe  
  50  3:43  Probe  
  51  3:48  Pylon  
  51  3:55  Nexus  
  51  3:57  Probe x2  
  51  4:00  Assimilator  
  51  4:02  Assimilator  
  53  4:09  Probe  
  55  4:10  Probe  
  55  4:13  Forge  
  55  4:14  Twilight Council  
  55  4:19  Pylon  
  55  4:21  Probe  
  55  4:22  Probe  
  57  4:28  Robotics Facility  
  57  4:31  Pylon  
  57  4:34  Probe x2  
  59  4:41  Gateway  
  59  4:42  Protoss Ground Weapons Level 1 (Chrono Boost)  
  59  4:43  Gateway  
  59  4:46  Probe x2, Charge (Chrono Boost)  
  61  4:58  Probe x2  
  63  5:00  Gateway  
  63  5:05  Gateway  
  63  5:08  Probe  
  63  5:10  Templar Archives  
  63  5:12  Probe  
  65  5:19  Warp Prism (Chrono Boost)  
  65  5:25  Probe x3  
  70  5:29  Adept  
  70  5:31  Shield Battery  
  70  5:37  Probe  
  70  5:38  Pylon  
  70  5:39  Probe  
  70  5:42  Probe  
  72  5:43  Pylon  
  72  5:44  Assimilator  
  72  5:46  Assimilator  
  72  5:49  Probe  
  73  5:52  High Templar x3, Probe  
  73  5:53  High Templar  
  73  5:54  Probe  
  73  5:56  Archon  
  83  5:57  Archon  
  83  5:59  Zealot x2  
  83  6:02  Pylon, Probe, Observer  
  83  6:04  Probe  
  90  6:08  Probe  
  91  6:13  Pylon  
  91  6:14  Probe  
  92  6:18  Robotics Bay  
  92  6:26  Zealot x6  
  92  6:30  Probe  
  92  6:32  Pylon  
  101  6:48  Probe x2  
  103  6:58  High Templar x4  
  103  6:59  Zealot x2, Nexus  
  103  7:00  Pylon  
  115  7:02  Pylon  
  115  7:03  Archon  
  115  7:04  Archon  
  115  7:06  Disruptor (Chrono Boost)  
  115  7:08  Pylon  
  115  7:12  Gateway  
  115  7:14  Protoss Ground Weapons Level 2 (Chrono Boost)  
  118  7:17  Gateway  
  118  7:19  Probe  
  118  7:20  Probe x2  
  121  7:31  Disruptor (Chrono Boost), Probe  
  121  7:33  Photon Cannon, Probe x2  
  121  7:36  Shield Battery  
  127  7:38  Pylon, Zealot x2  
  127  7:39  Zealot x2  
  127  7:44  Probe  
  136  7:45  Probe x2  
  136  7:49  Gateway  
  138  7:56  Assimilator, Probe  
  138  7:57  Disruptor (Chrono Boost), Probe  
  138  7:58  Probe  
  141  7:59  Pylon  
  141  8:00  Assimilator  
  141  8:01  Pylon  
  144  8:08  Probe  
  144  8:09  Probe  
  144  8:10  Gateway  
  144  8:11  Gateway, Probe  
  147  8:17  Photon Cannon  
  147  8:19  High Templar x4, Photon Cannon  
  155  8:23  Immortal (Chrono Boost), Archon x2  
  148  8:44  High Templar x4  
  148  8:47  Archon  
  148  8:48  Archon  
  156  8:53  Immortal (Chrono Boost)  
  160  8:59  Zealot x4  
  160  9:02  Photon Cannon  
  165  9:09  Gateway  
  165  9:15  Gateway  
  157  9:18  Gateway  
  157  9:20  Gateway  
  157  9:23  High Templar  
  157  9:24  High Templar  
  159  9:25  Zealot x9  
  159  9:29  Archon  
  159  9:30  Disruptor (Chrono Boost)  
  154  9:57  Disruptor (Chrono Boost)  
  154  9:59  Zealot x11  
  170  10:00  Protoss Ground Weapons Level 3 (Chrono Boost)  
  170  10:04  Psionic Storm  
  170  10:06  Fleet Beacon  
  170  10:09  Stargate  
  170  10:12  Stargate, Probe x2  
  172  10:15  Protoss Air Weapons Level 1 (Chrono Boost)  
  172  10:21  Nexus  
  172  10:23  Pylon  
  172  10:28  Warp Prism (Chrono Boost)  
  171  10:37  Zealot x9  
  171  10:38  Zealot x2  
  186  10:48  High Templar x3  
  192  10:56  Immortal (Chrono Boost)  
  194  11:00  Zealot x3  
  192  11:13  Carrier (Chrono Boost), Nexus  
  198  11:29  Photon Cannon  
  198  11:30  Photon Cannon  
  198  11:32  Photon Cannon  
  196  11:34  Shield Battery  
  196  11:36  Carrier (Chrono Boost)  
  186  11:49  Carrier (Chrono Boost)  
  186  11:53  Zealot x7  
  191  12:10  Zealot x2  
  191  12:11  Assimilator, Zealot x5  
  191  12:13  Assimilator  
  187  12:16  Oracle  
  187  12:20  Observer (Chrono Boost)  
  187  12:22  Photon Cannon  
  181  12:26  Zealot x6  
  181  12:27  Zealot x2  
  177  12:40  Observer (Chrono Boost)  
  177  12:44  Zealot x7  
  176  12:48  High Templar x9  
  176  12:49  High Templar x3  
  186  12:52  Observer  
  186  12:55  Archon x5  
  176  13:11  Immortal (Chrono Boost)  
  176  13:12  Zealot x3  
  164  13:26  Carrier (Chrono Boost)  
  164  13:28  Zealot x5  
  164  13:29  Zealot x2  
  176  13:37  Pylon, Nexus  
  176  13:38  Carrier (Chrono Boost)  
  178  13:52  Zealot x3  
  175  14:01  Probe x3  
  177  14:06  High Templar  
  177  14:07  High Templar x3  
  185  14:12  Stalker x2  
  185  14:13  Archon x2  
  185  14:15  Warp Prism (Chrono Boost)  
  191  14:27  High Templar  
  191  14:28  High Templar  
  191  14:29  Probe  
  196  14:46  Observer (Chrono Boost), Probe  
  182  14:59  Zealot x2  
  186  15:00  Zealot  
  186  15:01  Zealot  
  186  15:04  Immortal (Chrono Boost)  
  192  15:13  Zealot x6  
  194  15:23  Probe x2  
  189  15:43  Protoss Air Weapons Level 2 (Chrono Boost), Carrier x2 (Chrono Boost)  
  189  15:47  Carrier (Chrono Boost)  
  196  16:05  Immortal (Chrono Boost)  
  194  16:17  Protoss Shields Level 1 (Chrono Boost)  
  194  16:21  Probe x2  
  194  16:22  Probe x2  
  198  16:31  Stalker  
  192  16:42  Pylon  
  186  16:50  Carrier x2  
  198  16:54  Zealot  
  200  17:04  Assimilator x2  
  176  17:30  Immortal (Chrono Boost)  
  176  17:31  Zealot x9  
  176  17:32  Zealot x4  
  176  17:33  Archon  
  176  17:36  Zealot  
  186  17:53  High Templar  
  186  17:54  Zealot, High Templar x5  
  200  17:59  Archon x2  
  200  18:02  Immortal (Chrono Boost)  
  180  18:12  Zealot  
  180  18:13  Zealot x6  
  180  18:18  Carrier (Chrono Boost)  
  194  18:23  High Templar  
  179  18:36  Immortal (Chrono Boost)  
  179  18:38  Nexus  
  173  18:45  Zealot x5  
  153  18:51  Archon  
  123  18:59  High Templar x5  
  113  19:04  Zealot x2  
  113  19:05  Immortal (Chrono Boost)  
  119  19:10  High Templar x2  
  119  19:11  Zealot x5  
  119  19:14  Oracle (Chrono Boost)  
  119  19:15  Archon  
  136  19:24  Robotics Facility  
  136  19:28  Probe  
  136  19:29  Probe x2  
  139  19:34  Zealot x7  
  153  19:41  Observer (Chrono Boost)  
  154  19:49  Zealot x4, High Templar x2  
  164  19:54  Archon  
  160  20:01  Assimilator, Zealot  
  160  20:02  Assimilator, Zealot  
  164  20:11  Zealot x4  
  172  20:16  High Templar x2  
  170  20:21  Zealot x3  
  170  20:28  Observer (Chrono Boost)  
  174  20:30  Oracle (Chrono Boost)  
  177  20:42  Probe  
  178  20:44  Stalker x2  
  178  20:45  Zealot x3  
  186  20:56  Zealot x3  
  191  21:02  Pylon  
  191  21:14  Pylon  
  191  21:15  Pylon  
  191  21:17  Pylon  
  187  21:31  Probe  
  188  21:37  Zealot x6  
  200  21:40  Protoss Shields Level 2 (Chrono Boost)  
  200  21:44  Pylon  
  200  22:00  Nexus  
  200  22:19  Nexus  
  200  22:20  Nexus  
  196  22:22  Tempest (Chrono Boost)  
  187  22:39  Tempest (Chrono Boost)  
  186  22:44  Zealot x2  
  186  22:51  Assimilator  
  190  22:54  Assimilator  
  190  22:56  Stalker  
  166  23:21  High Templar x4  
  166  23:23  Zealot x4  
  166  23:25  Archon x2  
  137  24:03  Stalker x5  
  137  24:06  Blink (Chrono Boost)  
  144  24:14  Nexus  
  144  24:26  Nexus  
  145  24:31  Observer (Chrono Boost)  
  145  24:48  Zealot x2  
  145  24:52  Observer  
  146  24:56  Stalker x4  
  154  25:07  Stalker x2  
  156  25:17  Zealot x2  
  156  25:18  Pylon  
  160  25:35  High Templar x3  
  166  25:36  Stalker x3  
  159  25:51  Zealot x4, High Templar x2  
  171  26:03  Shield Battery  
  171  26:04  Probe x3  
  171  26:05  Probe x3  
  177  26:12  Zealot x4  
  185  26:25  Zealot x5  
  183  26:27  Observer  
  183  26:28  Assimilator  
  183  26:32  Probe x2  
  189  26:33  Assimilator  
  181  26:42  Zealot x6  
  191  26:53  Archon  
  177  26:59  High Templar x4  
  177  27:00  Zealot x2  
  171  27:02  Warp Prism (Chrono Boost)  
  171  27:03  Archon x2  
  167  27:10  Zealot  
  167  27:11  Zealot x5  
  157  27:29  Stalker x2  
  161  27:31  High Templar x3  
  161  27:32  High Templar  
  161  27:35  Archon  
  161  27:36  Stalker x4  
  161  27:37  Stalker x2  
  181  27:38  Observer  
  181  27:44  Photon Cannon  
  181  27:51  Observer (Chrono Boost)  
  182  27:54  Stalker x2  
  184  28:05  Zealot x5  
  184  28:06  Zealot x3  
  193  28:19  Protoss Air Weapons Level 3  
  175  28:37  Zealot x11  
  191  28:50  Observer  
  174  28:57  Zealot x7  
  174  28:58  Zealot x5  
  194  29:06  Observer  
  174  29:22  Zealot x3  
  180  29:29  Pylon  
  180  29:31  Zealot x2, Nexus  
  178  29:42  Stalker x2  
  182  29:51  Zealot x3  
  168  30:09  Stalker x5  
  172  30:27  High Templar x3  
  172  30:28  High Templar x4  
  180  30:35  Archon  
  180  30:36  Archon  
  180  30:37  Archon  
  180  30:40  High Templar x5  
  179  30:47  Archon  
  179  30:48  Archon x2  
  177  30:52  Observer  
  168  31:01  Zealot x7  
  152  31:17  Observer (Chrono Boost)  
  152  31:18  Stalker x5  
  161  31:25  Nexus  
  145  31:38  Nexus  
  137  31:54  High Templar x5  
  140  32:02  Archon  
  140  32:06  Zealot x5  
  138  32:15  Stalker  
  140  32:31  Zealot x4  
  140  32:36  Zealot  
  150  32:53  Zealot x6  
  150  32:56  Observer  
  145  33:11  Observer  
  145  33:12  Zealot x5  
  119  33:13  Zealot  
  100  33:25  Stalker x2  
  102  33:29  Stalker  
  104  33:38  High Templar x2  
  104  33:40  Observer (Chrono Boost)  
  109  33:55  Immortal (Chrono Boost)  
  113  34:03  Nexus  
  113  34:06  Immortal (Chrono Boost)  
  105  34:12  Zealot x2, High Templar  
  111  34:21  Shield Battery  
  111  34:33  Zealot x3  
  117  34:39  Immortal (Chrono Boost)  
  121  34:45  High Templar x2  
  121  34:49  Archon  
  125  34:55  Zealot x2  
  129  35:01  Zealot  
  131  35:07  Zealot  
  131  35:22  Stalker x3  
  135  35:31  Zealot x3  
  135  35:41  Zealot x3  
  127  35:53  High Templar x2  
  127  35:54  Zealot x4  
  135  35:58  Archon  
  131  36:08  Zealot  
  131  36:09  Zealot x2  
  136  36:14  Zealot  
  138  36:32  Assimilator  
  138  36:33  Assimilator  
  138  36:34  High Templar x4  
  138  36:35  Zealot x2  
  138  36:37  Archon x2  
  150  36:53  Immortal (Chrono Boost)  
  150  36:57  Zealot  
  156  37:03  Stalker  
  158  37:16  Zealot x4  
  166  37:23  Zealot  
  168  37:31  Zealot  
  168  37:36  Stalker  
  164  37:46  Zealot x4  
  172  38:01  Gateway  
  172  38:04  Gateway  
  166  38:08  Pylon  
  166  38:09  Zealot x4  
  173  38:26  Oracle (Chrono Boost)  
  173  38:30  High Templar x6  
  188  38:36  Archon x3  
  188  38:40  Photon Cannon  
  188  38:45  Pylon  
  188  39:11  High Templar x3  
  188  39:12  Zealot x2, High Templar  
  188  39:16  Archon x2  
  195  39:49  Observer  
  184  39:53  Carrier x2 (Chrono Boost)  
  196  40:03  Observer  
  196  40:04  Zealot x3  
  194  40:10  Zealot x4  
  198  40:25  Stalker x2  
  195  41:19  Zealot x2  
  181  41:31  Zealot x4  
  170  41:57  Oracle (Chrono Boost)  
  170  42:00  Oracle (Chrono Boost)  
  157  42:01  Zealot x6  
  157  42:05  Gateway  
  157  42:06  Gateway  
  169  42:13  Pylon  
  169  42:20  Oracle  
  172  42:30  Zealot x2  
  172  42:31  Zealot  
Show
View Real Time Build Order
Export as new Build Order

Reynor Zerg 

Build Orders: Hatch First, Lurkers 

Get SALT Encoding   

  12  0:00  Drone  
  13  0:11  Overlord  
  13  0:16  Drone  
  14  0:30  Drone x2  
  16  0:47  Hatchery  
  15  0:50  Drone  
  15  0:54  Drone  
  17  0:57  Drone  
  18  1:08  Extractor  
  17  1:12  Spawning Pool  
  17  1:15  Drone  
  17  1:19  Drone  
  18  1:27  Drone  
  19  1:38  Drone  
  20  1:48  Overlord  
  20  1:58  Queen  
  20  1:59  Queen, Zergling x4  
  26  2:10  Drone x2  
  26  2:13  Metabolic Boost  
  28  2:20  Drone  
  28  2:21  Drone  
  30  2:33  Hatchery  
  30  2:35  Drone  
  30  2:39  Drone  
  30  2:41  Drone  
  32  2:46  Drone  
  32  2:50  Queen  
  35  2:54  Zergling x2  
  35  2:57  Overlord  
  36  3:03  Overlord  
  36  3:15  Drone x3  
  36  3:16  Drone x4  
  42  3:21  Queen  
  42  3:25  Overlord  
  44  3:28  Drone  
  44  3:32  Drone  
  47  3:34  Drone  
  47  3:38  Queen, Drone  
  50  3:48  Queen, Drone  
  51  3:49  Spore Crawler  
  51  3:52  Overlord  
  51  3:55  Zergling x4  
  54  3:59  Spore Crawler  
  54  4:00  Drone  
  54  4:01  Drone  
  55  4:03  Drone  
  55  4:04  Zergling x2  
  55  4:08  Overlord  
  57  4:10  Drone x2  
  57  4:12  Drone  
  57  4:14  Drone  
  57  4:16  Drone  
  62  4:17  Drone  
  62  4:19  Drone  
  62  4:24  Drone  
  65  4:25  Overlord  
  65  4:27  Drone  
  65  4:29  Drone  
  65  4:30  Drone  
  68  4:31  Spore Crawler  
  68  4:32  Drone  
  68  4:35  Evolution Chamber  
  67  4:39  Queen  
  67  4:41  Zergling x4  
  67  4:43  Zergling x4  
  67  4:44  Zergling x2  
  67  4:45  Drone  
  75  4:47  Drone  
  75  4:48  Drone  
  75  4:49  Drone  
  75  4:51  Overlord  
  78  4:58  Drone  
  78  4:59  Drone x3  
  80  5:00  Drone  
  80  5:03  Zerg Missile Weapons Level 1  
  80  5:06  Drone  
  82  5:09  Roach Warren  
  82  5:10  Lair  
  82  5:11  Drone, Extractor  
  82  5:12  Drone  
  82  5:14  Extractor  
  81  5:16  Drone x2  
  81  5:17  Drone x2  
  81  5:21  Drone x2  
  87  5:24  Drone  
  87  5:30  Extractor  
  87  5:35  Drone x3  
  88  5:38  Drone x2  
  88  5:42  Drone  
  90  5:46  Overlord  
  90  5:49  Extractor  
  89  5:50  Drone, Extractor  
  89  5:51  Overlord x2  
  89  5:52  Drone x2, Hatchery  
  89  5:53  Pneumatized Carapace  
  89  5:55  Overlord  
  90  5:59  Overlord  
  90  6:03  Queen  
  92  6:06  Roach x3  
  92  6:07  Overlord  
  92  6:08  Glial Reconstitution  
  92  6:09  Roach x3  
  104  6:12  Infestation Pit  
  104  6:15  Overseer  
  104  6:16  Roach  
  104  6:18  Drone x4  
  108  6:20  Drone x2  
  108  6:21  Drone  
  108  6:24  Roach  
  113  6:27  Roach x2  
  113  6:31  Roach  
  113  6:32  Roach  
  118  6:37  Roach  
  120  6:40  Drone x2  
  120  6:42  Roach x2  
  120  6:45  Drone  
  120  6:46  Drone  
  125  6:48  Overlord  
  125  6:50  Drone x2  
  125  6:53  Hive  
  127  6:54  Hydralisk Den  
  127  6:58  Roach x2  
  127  6:59  Zerg Missile Weapons Level 2  
  127  7:00  Roach  
  131  7:03  Overseer  
  131  7:04  Drone  
  131  7:05  Extractor  
  131  7:06  Drone x2, Extractor  
  131  7:07  Drone  
  131  7:08  Spore Crawler  
  132  7:10  Roach, Drone x2  
  132  7:15  Overlord  
  136  7:16  Drone x2  
  138  7:25  Roach x5  
  138  7:28  Overlord  
  146  7:30  Drone x2, Hatchery  
  146  7:35  Roach  
  151  7:37  Roach x3  
  151  7:40  Overlord  
  151  7:43  Roach x2  
  157  7:45  Drone x2  
  157  7:47  Overlord x2  
  157  7:49  Drone x2  
  161  7:53  Drone x4  
  161  7:54  Lurker Den  
  161  7:58  Overlord  
  164  8:06  Viper x2, Spine Crawler  
  164  8:07  Spine Crawler  
  164  8:08  Drone x3  
  164  8:11  Spine Crawler  
  164  8:12  Spine Crawler  
  169  8:18  Roach x3  
  175  8:20  Overlord  
  175  8:23  Viper  
  175  8:26  Hydralisk x5  
  188  8:38  Hydralisk  
  188  8:39  Hydralisk  
  192  8:57  Hydralisk  
  192  8:59  Seismic Spines  
  192  9:02  Extractor  
  193  9:04  Extractor, Spine Crawler  
  193  9:05  Spore Crawler  
  186  9:24  Hydralisk x3  
  186  9:27  Hydralisk x3  
  186  9:28  Hydralisk  
  188  9:40  Roach x6  
  192  9:52  Hydralisk x3  
  192  9:56  Adaptive Talons  
  180  10:02  Zergling x8  
  180  10:03  Zergling x10  
  189  10:08  Zerg Missile Weapons Level 3  
  189  10:09  Evolution Chamber  
  189  10:12  Zergling x8, Hydralisk  
  189  10:13  Zergling x10  
  199  10:16  Muscular Augments  
  199  10:26  Spore Crawler  
  199  10:27  Spine Crawler  
  197  10:28  Hatchery  
  197  10:29  Nydus Network  
  195  10:48  Spire  
  195  10:49  Spire, Zerg Melee Weapons Level 1  
  193  10:57  Adrenal Glands  
  189  11:10  Hydralisk x2  
  189  11:11  Hydralisk x4  
  180  11:16  Spore Crawler  
  180  11:17  Spine Crawler  
  180  11:18  Spine Crawler  
  185  11:19  Lurker x4  
  185  11:20  Lurker x6  
  185  11:22  Drone  
  185  11:23  Overseer, Drone x2, Spine Crawler x2  
  196  11:26  Spine Crawler  
  196  11:28  Grooved Spines  
  196  11:31  Lurker x5  
  200  11:38  Overseer  
  198  11:41  Roach x3  
  196  11:56  Roach x3  
  196  12:00  Nydus Canal  
  186  12:06  Roach  
  186  12:07  Roach x4  
  186  12:08  Zerg Flyer Armor Level 1, Queen  
  194  12:16  Overseer  
  194  12:20  Roach x4  
  200  12:24  Nydus Canal  
  200  12:35  Overseer  
  200  12:36  Drone x6  
  200  12:37  Drone x7  
  193  12:40  Drone x2  
  193  12:41  Drone x3  
  193  12:43  Nydus Canal  
  200  12:46  Zerg Ground Armor Level 1  
  200  12:47  Overseer  
  192  12:53  Drone x10  
  197  13:03  Hydralisk  
  196  13:10  Hydralisk x6  
  196  13:11  Overseer, Corruptor x4  
  196  13:12  Corruptor x7  
  197  13:16  Spire  
  197  13:18  Drone x3  
  197  13:19  Drone x3  
  187  13:26  Nydus Canal  
  187  13:28  Corruptor x2  
  187  13:29  Hatchery  
  190  13:37  Corruptor x2  
  194  13:48  Overseer  
  185  14:08  Spore Crawler  
  185  14:09  Spore Crawler  
  180  14:11  Spore Crawler  
  180  14:13  Lurker x7  
  180  14:15  Hydralisk x6  
  198  14:25  Overlord  
  198  14:28  Overlord  
  198  14:29  Overseer  
  198  14:34  Nydus Canal  
  196  14:40  Overlord  
  194  14:57  Nydus Canal  
  191  15:04  Drone x5  
  191  15:06  Spore Crawler  
  191  15:07  Spore Crawler  
  194  15:08  Spore Crawler  
  191  15:20  Drone x3  
  192  15:23  Spore Crawler  
  192  15:24  Spore Crawler, Nydus Canal  
  192  15:25  Spine Crawler  
  192  15:28  Spore Crawler  
  188  15:29  Lurker x6  
  188  15:33  Zerg Flyer Armor Level 2  
  188  15:34  Zerg Ground Armor Level 2  
  194  15:38  Hydralisk x5  
  194  15:39  Hydralisk  
  196  15:49  Drone x2  
  194  15:50  Drone x2  
  194  15:52  Spore Crawler  
  194  15:53  Spore Crawler  
  194  15:56  Spore Crawler  
  192  15:57  Spore Crawler  
  188  16:23  Greater Spire  
  188  16:25  Viper x2  
  194  16:30  Nydus Canal  
  194  16:38  Corruptor  
  194  16:39  Corruptor x2  
  200  16:45  Hatchery  
  194  16:58  Drone x3, Overlord  
  197  17:04  Spore Crawler x2  
  197  17:05  Spore Crawler  
  197  17:07  Overlord  
  194  17:14  Corruptor x2  
  198  17:15  Overseer x2  
  198  17:17  Overlord  
  139  17:37  Hydralisk x15  
  139  17:40  Roach  
  139  17:41  Roach x12  
  139  17:42  Roach x2  
  139  17:43  Roach  
  199  17:46  Overlord  
  199  17:48  Hydralisk x3  
  200  17:53  Overlord  
  200  17:58  Overlord  
  200  18:05  Hydralisk x5  
  194  18:09  Hydralisk x3  
  194  18:22  Viper x2  
  196  18:35  Zerg Flyer Weapons Level 1  
  180  18:44  Roach x9  
  180  18:45  Roach x2  
  182  18:51  Hydralisk x3  
  182  18:55  Hydralisk x6  
  164  19:05  Hatchery  
  161  19:11  Lurker x2  
  161  19:12  Lurker x4  
  161  19:13  Nydus Canal  
  161  19:15  Lurker x2  
  169  19:18  Hydralisk x2  
  169  19:19  Corruptor  
  175  19:24  Lurker x3  
  175  19:25  Lurker  
  175  19:29  Nydus Canal  
  179  19:34  Lurker x4  
  179  19:35  Lurker  
  182  19:44  Zergling x10  
  182  19:45  Zergling x2  
  188  19:47  Nydus Canal  
  185  20:22  Hatchery  
  185  20:24  Hydralisk  
  185  20:25  Zergling x22  
  197  20:31  Hydralisk x2  
  197  20:32  Overlord  
  196  20:36  Overseer x2  
  193  20:49  Hydralisk x3, Nydus Canal  
  196  21:12  Nydus Canal  
  196  21:19  Zergling x8  
  196  21:20  Overlord  
  196  21:27  Zergling x8  
  189  21:39  Brood Lord x4  
  197  21:51  Drone x3  
  197  21:52  Extractor  
  199  22:05  Nydus Canal  
  196  22:25  Drone x10  
  196  22:27  Overlord  
  187  22:46  Drone x4  
  191  22:53  Extractor  
  191  22:54  Extractor  
  189  23:03  Corruptor x4  
  189  23:04  Corruptor  
  188  23:24  Drone x4  
  188  23:25  Corruptor  
  188  23:26  Corruptor  
  196  23:35  Spore Crawler x2  
  196  23:36  Spore Crawler  
  193  23:47  Corruptor x3  
  163  24:01  Zergling x16  
  148  24:11  Queen  
  148  24:12  Corruptor x2, Hatchery  
  153  24:18  Hatchery  
  153  24:21  Overseer  
  153  24:34  Nydus Canal  
  153  24:40  Drone x7  
  153  24:42  Hydralisk  
  160  24:46  Roach  
  160  24:52  Roach  
  164  24:56  Roach x2  
  166  25:01  Roach x3  
  166  25:04  Roach  
  171  25:08  Overlord  
  170  25:22  Roach x3  
  176  25:37  Zergling x22, Hatchery  
  184  25:57  Zergling x6  
  184  25:58  Zergling x8  
  187  26:25  Zergling x20  
  187  26:27  Lurker x2  
  187  26:46  Hydralisk x2  
  186  26:48  Zergling x16  
  186  26:52  Zergling x4  
  186  26:53  Zergling x2  
  178  26:55  Hydralisk  
  168  27:01  Hydralisk  
  168  27:02  Zergling x4  
  172  27:09  Zergling x2  
  173  27:17  Zergling x6, Hydralisk  
  161  27:22  Hatchery  
  161  27:23  Zergling x6  
  146  27:32  Queen  
  149  27:37  Zergling x10  
  152  27:46  Lurker  
  152  27:57  Lurker  
  152  27:58  Zergling x14  
  160  28:11  Zergling x12  
  152  28:29  Lurker x2  
  154  28:34  Roach x2  
  154  28:35  Roach  
  160  28:43  Roach x2, Zergling x12  
  165  28:51  Zergling x10  
  163  29:00  Zergling x2  
  163  29:01  Zergling x8  
  165  29:06  Hydralisk  
  155  29:16  Hydralisk  
  154  29:17  Hydralisk  
  154  29:18  Lurker  
  154  29:22  Extractor  
  156  29:26  Zergling x18  
  156  29:43  Zergling x24  
  155  29:53  Lurker  
  155  29:58  Zergling x12  
  148  30:07  Lurker  
  148  30:09  Roach x5  
  148  30:14  Overseer  
  156  30:27  Roach x4  
  147  30:43  Roach x3  
  147  30:46  Zergling x18  
  161  30:53  Roach x2  
  147  31:02  Zergling x8  
  140  31:13  Zergling x12  
  140  31:18  Zergling x4  
  136  31:25  Zergling x2  
  119  31:42  Hydralisk Den  
  119  31:44  Spawning Pool  
  99  32:14  Hydralisk x10  
  113  32:28  Hydralisk x4  
  116  32:35  Zergling x6  
  119  32:38  Hydralisk  
  119  32:40  Overseer  
  121  32:44  Zergling x2  
  121  32:45  Zergling x2  
  123  32:57  Zergling x8  
  123  32:58  Zergling x8  
  120  33:11  Zergling x14  
  93  33:20  Zergling x10  
  93  33:25  Zergling x2  
  93  33:26  Zergling x4  
  101  33:37  Hydralisk x3  
  105  33:48  Lurker Den  
  104  33:59  Hydralisk x2  
  99  34:20  Hatchery  
  98  34:24  Hydralisk x3  
  98  34:27  Extractor  
  103  34:36  Drone x2  
  105  34:44  Hydralisk x3  
  111  34:47  Lurker x2  
  111  34:48  Queen, Lurker  
  116  34:58  Drone x4  
  116  34:59  Lurker  
  121  35:06  Lurker  
  122  35:08  Drone  
  122  35:23  Zergling x22  
  122  35:27  Lurker x2  
  130  35:36  Zergling x8  
  128  35:46  Zergling x8  
  124  35:50  Zergling x4  
  124  35:53  Zergling x2  
  125  35:59  Zergling x6  
  125  36:00  Zergling x2  
  128  36:05  Zergling x4  
  123  36:13  Zergling x2, Hydralisk  
  106  36:34  Drone x6  
  112  36:45  Lurker x2  
  114  36:47  Hydralisk  
  114  36:53  Lurker x2  
  114  37:00  Lurker  
  115  37:04  Zergling x6  
  118  37:10  Overlord  
  115  37:20  Hydralisk Den  
  108  37:46  Drone x3  
  108  37:48  Hydralisk  
  108  37:49  Hydralisk x4  
  116  37:54  Lurker  
  116  37:57  Spore Crawler  
  116  38:07  Hydralisk  
  121  38:18  Overseer  
  121  38:19  Lurker x2  
  118  38:25  Hydralisk x2  
  118  38:26  Drone x5  
  122  38:28  Extractor  
  122  38:30  Extractor  
  120  38:34  Lurker  
  120  38:35  Zergling x4  
  120  38:36  Zergling x4  
  110  39:11  Drone x2  
  110  39:14  Lurker Den  
  109  39:28  Zergling x2  
  109  39:29  Zergling x16  
  117  39:55  Zergling x10  
  117  39:56  Overseer  
  116  40:11  Zergling x2  
  116  40:12  Lurker  
  116  40:13  Queen  
  116  40:19  Zergling x2  
  107  40:29  Hydralisk  
  109  40:38  Hydralisk  
  109  40:42  Overseer, Spore Crawler x2  
  110  40:44  Spore Crawler  
  110  40:47  Spore Crawler  
  110  40:49  Lurker  
  108  40:52  Hydralisk  
  108  40:55  Zergling x4  
  108  40:56  Zergling x2  
  113  41:00  Spore Crawler  
  114  41:06  Overlord  
  64  41:53  Drone x2  
  63  41:58  Overseer x2  
  63  41:59  Overseer  
  62  42:07  Drone x2  
  64  42:18  Hatchery  
Tags
 
Add a new tag
Caveats
  • Supply blocks, unpowered buildings, or Contaminate may cause inaccurate times.
  • Supply counts are checked every 10 seconds.